 Dungeon Crawl Stone Soup version 0.30.0-15-g856e2d3f33 (webtiles) character file.

Game seed: 10013957793730854210

30871 AlmostDecent the Brawler (level 13, 0/175 HPs)
             Began as a Troll Berserker on May 19, 2023.
             Was a High Priest of Trog.
             Slain by a yak (13 damage)
             ... led by a torpor snail
             ... on level 3 of the Lair of Beasts.
             The game lasted 00:40:03 (11587 turns).

AlmostDecent the Brawler (Troll Berserker)         Turns: 11587, Time: 00:40:04

Health: 0/175      AC:  3    Str: 28    XL:     13   Next: 22%
Magic:  12/12      EV: 11    Int:  3    God:    Trog [*****.]
Gold:   1084       SH: 10    Dex: 13    Spells: 12/12 levels left

rFire   + .          .
                       - Unarmed
rCold   + . .        c - +0 kite shield
rNeg    . . .        I - +0 steam dragon scales
rPois   +            (helmet restricted)
rElec   .            T - scarf {rC+ rF+}
rCorr   .            (gloves unavailable)
SInv    .            (boots unavailable)
Will    .....        (no amulet) Stlth
                     e - ring of poison resistance
HPRegen 1.29/turn    p - +4 ring of protection
MPRegen 0.13/turn

%: no passive effects
@: berserking (expiring), corroded, very quick
A: large, unfitting armour, claws 3, regeneration 1, shaggy fur 1, tough skin 1
a: Renounce Religion, Berserk, Trog's Hand, Brothers in Arms


You were on level 3 of the Lair of Beasts.
You worshipped Trog.
Trog was extremely pleased with you.
You visited 2 branches of the dungeon, and saw 15 of its levels.
You also visited: Bailey.

You collected 1084 gold pieces.

Inventory:

Hand Weapons
 y - a +3 demon blade of electrocution
 H - a +3 quarterstaff of chaos
 J - a +2 vampiric rapier
 L - a +1 vampiric short sword
Armour
 c - a +0 kite shield (worn)
 k - the +3 hat of Pondering {ponderous, Will+ MP+10 Int+5}
   (You took it off Gastronok on level 3 of the Lair of Beasts)

   Int:       It affects your intelligence (+5).
   MP:        It affects your magic capacity (+10).
   Will:      It increases your willpower.
 n - a +0 cloak
 I - +0 steam dragon scales (worn)
 K - +0 acid dragon scales
 T - a scarf of resistance (worn)
Jewellery
 e - a ring of poison resistance (left claw)
 l - a ring of see invisible
 p - a +4 ring of protection (right claw)
 s - a +6 ring of intelligence
 t - a +6 ring of dexterity
 v - an amulet of magic regeneration
 Q - a ring of flight
 R - a ring of magical power
 S - a ring of resist corrosion
Wands
 a - a wand of iceblast (14)
 b - a wand of quicksilver (13)
 x - a wand of paralysis (17)
 A - a wand of digging (4)
 E - a wand of mindburst (14)
Scrolls
 d - 2 scrolls of amnesia
 g - 3 scrolls of magic mapping
 h - 10 scrolls of teleportation
 o - 5 scrolls of enchant weapon
 w - 2 scrolls of fog
 M - a scroll of brand weapon
 O - a scroll of silence
 P - a scroll of butterflies
 U - a scroll of torment
 V - a scroll of fear
Potions
 f - 2 potions of haste
 i - 3 potions of mutation
 j - a potion of cancellation {unknown}
 m - 3 potions of heal wounds
 q - a potion of berserk rage {unknown}
 r - 4 potions of resistance {unknown}
 u - 6 potions of lignification
 z - 3 potions of might {unknown}
 B - 4 potions of attraction {unknown}
 C - 2 potions of brilliance {unknown}
 D - 5 potions of curing {unknown}
 F - a potion of invisibility {unknown}
 G - 5 potions of flight {unknown}
 N - a potion of magic {unknown}


   Skills:
 + Level 4.8 Fighting
 + Level 6.9 Dodging
 + Level 2.8 Stealth
 + Level 6.2 Shields
 * Level 18.9 Unarmed Combat


You had 12 spell levels left.
You didn't know any spells.
Your spell library was empty.

Dungeon Overview and Level Annotations

Branches:
Dungeon (12/15)            Temple (0/1) D:5            Lair (3/5) D:11
  Snake (0/4) Lair:3          Orc (0/2) D:9          Bailey (visited)
  Swamp: Lair:2-3    Shoals: Lair:2-3

Altars:
Fedhas
Sif Muna
Wu Jian
Xom
Yredelemnul
The Shining One

Annotations:
D:4 Ijyb
Lair:3 3 runed translucent doors


Innate Abilities, Weirdness & Mutations

You are too large for most types of armour.
You have claws for hands.
Your natural rate of healing is unusually fast.
You are covered in fur. (AC +1)
You have tough skin. (AC +1)


Message History

You are too injured to fight recklessly!
You are too injured to fight recklessly!
You claw the yak!
The yak is moderately wounded.
The yak gores you! The yak barely misses you.
You scratch the yak.
The yak is moderately wounded.
You feel yourself speed up. The yak gores you.
* * * LOW HITPOINT WARNING * * *
The yak gores you!
* * * LOW HITPOINT WARNING * * *
You eviscerate the yak!!!
You kill the yak!
Trog accepts your kill.
You claw the yak!
You feel the power of Trog in you as your rage grows.
You kill the yak!
Trog accepts your kill.
Being near the torpor snail leaves you feeling lethargic.
You claw the torpor snail!
The torpor snail is lightly wounded.
You scratch the torpor snail.
The torpor snail is lightly wounded.
The yak gores you!
* * * LOW HITPOINT WARNING * * *
The torpor snail completely misses you.
You claw the torpor snail!
The torpor snail is moderately wounded.
You block the yak's attack.
You claw the torpor snail!
The torpor snail is severely wounded.
The torpor snail bites you!
* * * LOW HITPOINT WARNING * * *
You mangle the torpor snail!!
You kill the torpor snail!
Trog accepts your kill.
You feel yourself speed up. The yak gores you!
You die...

......[..............
.#..P##.#.#.......#
>.#.######.......##
.### ##.......##
#........#
##......###
#.+...#.## #
##.|...##.#
..#......Y@##
....#....Y##
......8.#..#
..........##
...#...#.# .#......#
#.....?##.# ###.....
.# #...#.# .#


You could see 2 yaks.

Vanquished Creatures
  Gastronok (Lair:3)
  Snorg (D:12)
  4 boulder beetles
  2 two-headed ogres (D:12)
  6 death yaks (Lair:2)
  Nergalle (D:10)
  A deep elf pyromancer (D:6)
  An oklob plant (Lair:3)
  A manticore (D:12)
  2 black mambas
  A torpor snail (Lair:3)
  3 cane toads (Lair:1)
  An unseen horror (D:11)
  A rime drake (Lair:3)
  A freezing wraith (D:12)
  3 komodo dragons
  A kobold demonologist (D:12)
  A troll (D:9)
  5 slime creatures (D:12)
  3 shadows
  2 wraiths (D:11)
  31 yaks
  4 wyverns
  11 vampire mosquitoes
  3 steam dragons
  3 acid dragons
  2 nagas (Lair:3)
  8 water moccasins
  5 sky beasts
  8 orc warriors
  5 black bears
  2 ice beasts
  An ogre (D:5)
  A centaur (D:9)
  9 wolves (Lair:1)
  8 kobold brigands
  A phantom (D:7)
  Blork the orc (D:4)
  2 gnoll sergeants
  9 bullfrogs
  4 scorpions
  9 wights
  9 killer bees
  3 howler monkeys (D:10)
  A jelly (D:4)
  8 orc priests
  Crazy Yiuf (D:7)
  A gnoll bouda (D:4)
  2 hounds
  2 sleepcaps
  4 iguanas
  7 orc wizards
  15 gnolls
  10 adders
  A shadow imp (D:7)
  2 white imps
  3 ufetubi
  3 worms
  A dart slug (D:1)
  26 orcs
  14 bats
  10 endoplasms
  4 giant cockroaches
  5 goblins
  3 hobgoblins
  2 quokkas
  8 ball pythons
  3 frilled lizards
  31 kobolds
  8 rats (D:1)
356 creatures vanquished.

Vanquished Creatures (others)
  2 orcs (D:8)
2 creatures vanquished.

Grand Total: 358 creatures vanquished

Notes
Turn   | Place    | Note
-------+----------+-------------------------------------------
     0 | D:1      | AlmostDecent the Troll Berserker began the quest for the
                  | Orb.
     0 | D:1      | Reached XP level 1. HP: 22/22 MP: 0/0
    91 | D:1      | Reached XP level 2. HP: 29/29 MP: 1/1
   239 | D:1      | Reached XP level 3. HP: 34/36 MP: 2/2
   279 | D:1      | Reached ** piety under Trog
   674 | D:2      | Reached skill level 4 in Unarmed Combat
   873 | D:2      | Reached XP level 4. HP: 42/44 MP: 3/3
  2548 | D:4      | Reached skill level 5 in Unarmed Combat
  2548 | D:4      | Reached XP level 5. HP: 49/53 MP: 4/4
  2580 | D:4      | Noticed a black bear
  2587 | D:4      | Killed a black bear
  2588 | D:4      | Reached XP level 6. HP: 56/61 MP: 5/5
  2630 | D:4      | Reached *** piety under Trog
  2636 | D:4      | Reached skill level 6 in Unarmed Combat
  2645 | D:4      | Reached skill level 1 in Shields
  2655 | D:4      | Identified the +0 ring mail "Huaco" {Dex+2}
  2751 | D:4      | Noticed Ijyb
  3158 | D:4      | Noticed Blork the orc
  3164 | D:4      | Killed Blork the orc
  3184 | D:5      | Entered Level 5 of the Dungeon
  3186 | D:5      | Found a shimmering altar of Xom.
  3187 | D:5      | Noticed a sky beast
  3202 | D:5      | Killed a sky beast
  3203 | D:5      | Reached skill level 7 in Unarmed Combat
  3203 | D:5      | Reached XP level 7. HP: 67/67 MP: 6/6
  3217 | D:5      | Reached skill level 1 in Stealth
  3532 | D:5      | Reached skill level 8 in Unarmed Combat
  3629 | D:5      | Found a basalt altar of Yredelemnul.
  3691 | D:5      | Found a staircase to the Ecumenical Temple.
  3743 | D:5      | Found an ornate altar of the Wu Jian Council.
  3749 | D:5      | Noticed a spectral centipede
  3749 | D:5      | Noticed a spectral black mamba
  3749 | D:5      | Noticed a spectral cane toad
  3778 | D:6      | Reached XP level 8. HP: 75/75 MP: 7/7
  3879 | D:6      | Reached **** piety under Trog
  4074 | D:6      | Reached skill level 9 in Unarmed Combat
  4464 | D:6      | Found a glowing golden altar of the Shining One.
  4556 | D:6      | Noticed a deep elf pyromancer
  4564 | D:6      | Killed a deep elf pyromancer
  4565 | D:6      | Reached skill level 10 in Unarmed Combat
  4565 | D:6      | Reached XP level 9. HP: 83/83 MP: 8/8
  4705 | D:7      | Reached skill level 11 in Unarmed Combat
  5032 | D:7      | Found a flagged portal.
  5076 | D:7      | Reached skill level 12 in Unarmed Combat
  5164 | Bailey   | Entered a bailey
  5214 | Bailey   | Reached XP level 10. HP: 70/92 MP: 9/9
  5246 | Bailey   | Reached ***** piety under Trog
  5280 | Bailey   | Reached skill level 5 in Dodging
  5305 | Bailey   | Found a bloodstained altar of Trog.
  5453 | D:7      | Found a runed translucent door.
  5454 | D:7      | Noticed Crazy Yiuf
  5459 | D:7      | Killed Crazy Yiuf
  5596 | D:8      | Reached skill level 13 in Unarmed Combat
  6121 | D:9      | Reached skill level 14 in Unarmed Combat
  6179 | D:9      | Received a gift from Trog
  6534 | D:9      | Found a blossoming altar of Fedhas.
  6534 | D:9      | Found a shimmering blue altar of Sif Muna.
  6609 | D:9      | Found a staircase to the Orcish Mines.
  7043 | D:10     | Entered Level 10 of the Dungeon
  7098 | D:10     | Reached XP level 11. HP: 100/100 MP: 10/10
  7417 | D:10     | Noticed Nergalle
  7434 | D:10     | Killed Nergalle
  7435 | D:10     | Reached skill level 15 in Unarmed Combat
  7988 | D:11     | Found a staircase to the Lair.
  8056 | D:11     | Noticed a boulder beetle
  8066 | D:11     | Killed a boulder beetle
  8173 | D:11     | Reached skill level 16 in Unarmed Combat
  8551 | D:12     | Noticed Snorg
  8557 | D:12     | Killed Snorg
  8558 | D:12     | Reached skill level 5 in Shields
  8695 | D:12     | Noticed a boulder beetle
  8702 | D:12     | Noticed a boulder beetle
  8709 | D:12     | Killed a boulder beetle
  8710 | D:12     | Reached XP level 12. HP: 109/109 MP: 11/11
  8712 | D:12     | Killed a boulder beetle
  8989 | D:12     | Noticed a two-headed ogre
  8995 | D:12     | Killed a two-headed ogre
  8996 | D:12     | Reached skill level 17 in Unarmed Combat
  9054 | D:12     | Noticed a two-headed ogre
  9073 | D:12     | Killed a two-headed ogre
  9456 | Lair:1   | Entered Level 1 of the Lair of Beasts
  9634 | Lair:1   | Received a gift from Trog
 10246 | Lair:2   | Noticed a boulder beetle
 10257 | Lair:2   | Killed a boulder beetle
 10581 | Lair:2   | Noticed a death yak
 10582 | Lair:2   | Noticed a death yak
 10582 | Lair:2   | Noticed a death yak
 10582 | Lair:2   | Noticed a death yak
 10611 | Lair:2   | Killed a death yak
 10612 | Lair:2   | Reached skill level 18 in Unarmed Combat
 10722 | Lair:2   | Noticed a death yak
 10748 | Lair:2   | Noticed a death yak
 10777 | Lair:2   | Killed a death yak
 10785 | Lair:2   | Killed a death yak
 10832 | Lair:2   | Killed a death yak
 10847 | Lair:2   | Killed a death yak
 10851 | Lair:2   | Killed a death yak
 10852 | Lair:2   | Reached XP level 13. HP: 92/117 MP: 12/12
 11370 | Lair:3   | Found a runed translucent gate.
 11370 | Lair:3   | Found a runed translucent gate.
 11370 | Lair:3   | Found a runed translucent gate.
 11433 | Lair:3   | Found a staircase to the Snake Pit.
 11453 | Lair:3   | Noticed Gastronok
 11466 | Lair:3   | Killed Gastronok
 11587 | Lair:3   | Slain by a yak

Illustrated notes

Levels and vault maps discovered:
D:1:      dpeg_arrival_signposts, layout_basic
D:2:      layout_loops_cross
D:3:      layout_basic
D:4:      layout_loops_ring, serial_bayou_lagoon_a, grunt_decor_mini_mirrors,
          uniq_blork_the_orc, uniq_ijyb
D:5:      layout_cave_pools, pdpol_wu_jian_five_deadly_venoms,
          overflow_temple_1_default, amcnicky_altar_gilded,
          minmay_temple_entry_fiery, serial_glass, glass_columns_a,
          glass_columns_c, due_unseen_surprise, dk_rats_in_the_wall
D:6:      layout_cave_pools, mainiacjoe_overflow_alcove_4,
          guppyfry_early_elven_hall
D:7:      hangedman_cross_stitches, layout_rooms, enter_bailey_8,
          uniq_crazy_yiuf_cottage
D:8:      layout_rooms
D:9:      nicolae_cairo_tiling_very_big, layout_loops_ring,
          gammafunk_temple_overflow_wave, serial_co_window_serial,
          co_window_corner_a, co_window_paths_b, co_window_corner_a,
          co_window_of_opportunity_a, co_window_of_opportunity_a,
          co_window_corner_a, co_window_paths_c, co_window_unsneaky_path_a,
          co_window_paths_c, glass_columns_a, glass_columns_a
D:10:     layout_roguey, uniq_nergalle
D:11:     old_forge, layout_basic, david_lair_generic
D:12:     layout_long_grid, st_stairs_4, uniq_snorg
Lair:1:   layout_regular_city
Lair:2:   layout_hall_layers, infiniplex_staircase_pool
Lair:3:   layout_big_grid, minmay_swamp_entry_worms,
          guppyfry_snake_entry_island, gammafunk_ghost_necromancy,
          roderic_carrion_pond, grunt_megastairs_1, uniq_gastronok

Skill      XL: |  1  2  3  4  5  6  7  8  9 10 11 12 |
---------------+-------------------------------------+-----
Unarmed Combat | 4 5 7 8 10 12 14 16 18 | 18.9
Fighting       | 3 4 |  4.8
Dodging        | 3 4 5 6 |  6.9
Shields        | 1 2 3 4 5 6 |  6.2
Stealth        | 1 2 |  2.8

Action                     |  1- 3 |  4- 6 |  7- 9 | 10-12 | 13-15 || total
---------------------------+-------+-------+-------+-------+-------++-------
  Melee: Unarmed           |    78 |   135 |   241 |   586 |    72 ||  1112
 Invoke: Berserk           |       |       |     4 |    13 |     1 ||    18
  Evoke: Wand              |       |       |     1 |       |       ||     1
    Use: Scroll            |       |       |    11 |     6 |     1 ||    18
   Stab: Sleeping          |     1 |     1 |       |     5 |     1 ||     8
         Distracted        |       |       |     1 |       |       ||     1
 Armour: Animal skin       |    21 |    37 |   131 |    18 |       ||   207
         Steam dragon scal |       |       |       |   132 |     4 ||   136
  Dodge: Dodged            |    28 |    40 |   104 |   186 |    17 ||   375
  Block: Kite shield       |    14 |    32 |   128 |   220 |    19 ||   413
